 Dungeon Crawl Stone Soup version 0.31-a0-150-g89dc3ad700 (webtiles) character file.

Game seed: 1368265182491819469

584 qw the Skirmisher (level 7, -2/61 HPs)
             Began as a Minotaur Hunter on June 8, 2023.
             Slain by a phantom (5 damage)
             ... on level 4 of the Dungeon.
             The game lasted 00:01:03 (2796 turns).

qw the Skirmisher (Minotaur Hunter)                 Turns: 2796, Time: 00:01:04

Health: -2/61      AC:  5    Str: 16    XL:     7   Next: 14%
Magic:  6/6        EV: 11    Int:  6    God:
Gold:   16         SH:  0    Dex: 15    Spells: 6/6 levels left

rFire   . . .        Y - +3 shortbow
rCold   . . .        (shield currently unavailable)
rNeg    . . .        d - +0 ring mail
rPois   +            (helmet restricted)
rElec   .            (no cloak)
rCorr   .            (no gloves)
SInv    .            (no boots)
Will    +....        (no amulet)
Stlth   +            j - ring of poison resistance
HPRegen 0.30/turn    l - ring of willpower
MPRegen 0.10/turn

%: no passive effects
@: about to teleport
A: horns 2, retaliatory headbutt
a: no special abilities


You were on level 4 of the Dungeon.
You visited 1 branch of the dungeon, and saw 4 of its levels.

You collected 71 gold pieces.
You spent 55 gold pieces at shops.


Innate Abilities, Weirdness & Mutations

You have a pair of horns on your head.
You reflexively headbutt those who attack you in melee.


   Skills:
 - Level 5.5 Fighting
 + Level 8.2 Ranged Weapons
 - Level 1.0 Armour
 - Level 2.1 Dodging
 - Level 0.7 Stealth


You had 6 spell levels left.
You didn't know any spells.
Your spell library was empty.

Inventory:

Hand Weapons
 Y - a +3 shortbow (weapon)
Armour
 d - a +0 ring mail (worn)
 i - a +3 leather armour
Jewellery
 j - a ring of poison resistance (left hand)
 l - a ring of willpower (right hand)
Scrolls
 a - 3 scrolls of teleportation
 e - a scroll of identify
 f - a scroll of fear {unknown}
Potions
 b - a potion of might
 c - a potion of berserk rage {unknown}
 g - a potion of lignification {unknown}
 h - 2 potions of curing
 k - a potion of brilliance {unknown}

Dungeon Overview and Level Annotations

Branches:
Dungeon (4/15)
 Temple: D:4-7

Altars:

Shops:
D:3 ?

Annotations:
D:2 1 runed translucent door, Crazy Yiuf
D:4 2 runed translucent doors, qw's ghost, amateur GrFi


Message History

You shoot an arrow. The arrow hits the phantom.
The phantom is heavily damaged.
The endoplasm freezes you.
You are frozen.
The phantom hits you but does no damage.
You shoot an arrow. The arrow closely misses the phantom.
The phantom hits you.
The endoplasm hits you but does no damage.
You shoot an arrow. The arrow barely misses the phantom.
The phantom hits you.
The endoplasm hits you but does no damage. x2
The phantom hits you.
The phantom blinks!
You blink.
Enter note:
Enter note:
Enter note:
Enter note: You shoot an arrow.
The arrow hits the phantom.
The phantom is severely damaged.
The phantom hits you.
The phantom blinks!
You blink.
Enter note:
Enter note:
Enter note:
Enter note: You shoot an arrow.
The arrow misses the phantom.
The phantom hits you.
You shoot an arrow.
The arrow completely misses the phantom.
The phantom hits you.
2794 ||| READING 4 scrolls of teleportation.
As you read the scroll of teleportation, it crumbles to dust.
You feel strangely unstable. The phantom closely misses you.
You shoot an arrow. The arrow closely misses the phantom.
The phantom hits you. The endoplasm freezes you.
You are frozen.
You shoot an arrow. The arrow hits the phantom.
The phantom is almost destroyed.
The endoplasm closely misses you. The phantom hits you.
You die...

#..#<...#.#.#~~~~~
#..#.#.##...+S~~SS
#..#........#r~~~~
.#.#.###..######
###.#.#.#
#.....###
....#.#.#
#.....'.. #
##..#.#.#
#####.###
#.####.W...#.# ###
#......@J....#
####..#.##...).#
#............#
###..#####...#
#..# ...# #..#
...# #..# .###
#... .. .##.


You could see a phantom and an endoplasm.

Vanquished Creatures
  Eustachio (D:4)
  2 ogres (D:4)
  A scorpion (D:4)
  A hound (D:2)
  An orc priest (D:4)
  Jessica (D:2)
  Ijyb (D:3)
  An iguana (D:2)
  An adder (D:3)
  A worm (D:2)
  3 dart slugs
  2 orcs (D:4)
  5 bats
  5 endoplasms
  3 giant cockroaches (D:1)
  7 goblins
  6 hobgoblins
  4 jackals (D:1)
  4 quokkas
  5 ball pythons
  3 frilled lizards
  6 kobolds
  4 rats
68 creatures vanquished.

Notes
Turn   | Place    | Note
-------+----------+-------------------------------------------
     0 | D:1      | qw the Minotaur Hunter began the quest for the Orb.
     0 | D:1      | Reached XP level 1. HP: 18/18 MP: 0/0
     0 | D:1      | 0 ||| qw: Version: 0.2-a-120-gdf1a93b
     0 | D:1      | 0 ||| qw: Game counter: 2949
     0 | D:1      | 0 ||| qw: Always use a shield: true
     0 | D:1      | 0 ||| qw: God list: Okawaru
     0 | D:1      | 0 ||| qw: Allow faded altars: false
     0 | D:1      | 0 ||| qw: Do Orc after D:15 true
     0 | D:1      | 0 ||| qw: Do second Lair branch before Depths: true
     0 | D:1      | 0 ||| qw: Lair rune preference: random
     0 | D:1      | 0 ||| qw: Plans: Normal
     0 | D:1      | 0 ||| PLANNING D:1-11
   117 | D:1      | Reached XP level 2. HP: 25/25 MP: 1/1
   160 | D:1      | Reached skill level 5 in Ranged Weapons
   218 | D:1      | Found a faded altar of an unknown god.
   227 | D:1      | Reached skill level 3 in Fighting
   421 | D:1      | Reached XP level 3. HP: 31/31 MP: 2/2
   481 | D:1      | 481 ||| Stepping ~*~*~tactically~*~*~ (water).
   696 | D:1      | 696 ||| UPGRADING to +0 ring mail.
   706 | D:1      | 706 ||| DROPPING +0 leather armour.
   707 | D:1      | 707 ||| DROPPING ring of magical power.
   708 | D:1      | 708 ||| UPGRADING to ring of poison resistance.
   709 | D:1      | 709 ||| UPGRADING to ring of willpower.
   710 | D:1      | 710 ||| READING scroll labelled KOYNIKHL FUTYUCW.
   711 | D:1      | 711 ||| READING scroll labelled CAGOFO MAUSK.
   712 | D:1      | 712 ||| DRINKING 2 lumpy coppery potions.
   713 | D:1      | 713 ||| DROPPING scroll of butterflies.
   714 | D:1      | 714 ||| DROPPING potion of magic.
   813 | D:2      | Reached skill level 1 in Armour
   937 | D:2      | Noticed Jessica
   944 | D:2      | Killed Jessica
   945 | D:2      | Reached XP level 4. HP: 36/38 MP: 3/3
   996 | D:2      | Found a runed translucent door.
   997 | D:2      | Noticed Crazy Yiuf
  1056 | D:2      | Reached skill level 6 in Ranged Weapons
  1316 | D:2      | Reached XP level 5. HP: 41/46 MP: 4/4
  1469 | D:2      | 1469 ||| READING scroll labelled TECUSA HIVIFA.
  1470 | D:2      | 1470 ||| READING scroll labelled VORUEL NAESKIO.
  1569 | D:3      | Noticed Ijyb
  1581 | D:3      | Killed Ijyb
  1683 | D:3      | Found Hunytt's Magic Scroll Shoppe.
  1758 | D:3      | 1758 ||| SHOPLISTING scroll of brand weapon (104 gold, have
                  | 62).
  1758 | D:3      | 1758 ||| BUYING scroll of identify (22 gold).
  1758 | D:3      | Bought a scroll of identify for 22 gold pieces
  1758 | D:3      | 1758 ||| BUYING scroll of teleportation (33 gold).
  1758 | D:3      | Bought a scroll of teleportation for 33 gold pieces
  2336 | D:3      | 2336 ||| READING scroll labelled BAW LEOBREAS.
  2337 | D:3      | 2337 ||| READING 3 scrolls labelled RAROL BASE.
  2338 | D:3      | 2338 ||| READING 2 scrolls of enchant weapon.
  2338 | D:3      | 2338 ||| ENCHANTING +1 shortbow.
  2339 | D:3      | 2339 ||| READING scroll of enchant weapon.
  2339 | D:3      | 2339 ||| ENCHANTING +2 shortbow.
  2340 | D:3      | 2340 ||| DRINKING 3 smoky green potions.
  2341 | D:3      | 2341 ||| READING 2 scrolls of identify.
  2341 | D:3      | 2341 ||| IDENTIFYING brown potion
  2354 | D:4      | 2354 ||| PLANNING SEWER
  2370 | D:4      | Noticed an ogre
  2378 | D:4      | Killed an ogre
  2379 | D:4      | Reached skill level 7 in Ranged Weapons
  2379 | D:4      | Reached XP level 6. HP: 32/53 MP: 5/5
  2492 | D:4      | Noticed Eustachio
  2503 | D:4      | 2503 ||| FLEEEEING.
  2516 | D:4      | Killed Eustachio
  2517 | D:4      | Reached skill level 8 in Ranged Weapons
  2707 | D:4      | Found a runed translucent door.
  2710 | D:4      | Noticed qw's ghost (amateur GrFi)
  2754 | D:4      | Found a runed translucent door.
  2786 | D:4      | Reached XP level 7. HP: 35/61 MP: 6/6
  2793 | D:4      | HP: 12/61 [phantom (5)]
  2794 | D:4      | 2794 ||| READING 4 scrolls of teleportation.
  2795 | D:4      | HP: 3/61 [frozen (5)]
  2796 | D:4      | Slain by a phantom

Levels and vault maps discovered:
D:1:      saegor_arrival_simple_b, layout_basic,
          shapermc_ecumenical_altar_starsandcircs, st_stairs_10,
          chequers_serial_rivers_large_b, minmay_hedge_maze
D:2:      layout_basic, palyth_stone_intersect, kennysheep_jessica_study,
          uniq_crazy_yiuf_cottage
D:3:      layout_basic, serial_shops,
          nicolae_shop_temple_entry_statues_fountains, uniq_ijyb
D:4:      lemuel_castle_with_subvaults [lemuel_castle_interior_original],
          layout_basic, minmay_temple_entry_nine_rooms, ebering_ghost_sewer_f,
          gup_sewer_entry_bubbles, serial_bayou_crossing, uniq_eustachio

Skill      XL: |  1  2  3  4  5  6 |
---------------+-------------------+-----
Ranged Weapons | 5 6 7 8 |  8.2
Fighting       | 3 4 5 |  5.5
Armour         | 1 |  1.0
Dodging        | |  2.1
Stealth        | |  0.7

Action                     |  1- 3 |  4- 6 |  7- 9 || total
---------------------------+-------+-------+-------++-------
   Fire: Shortbow          |    91 |   123 |    10 ||   224
    Use: Scroll            |     2 |     7 |     1 ||    10
         Potion            |     1 |     1 |       ||     2
 Armour: Leather armour    |     1 |       |       ||     1
         Ring mail         |     2 |    12 |     5 ||    19
  Dodge: Dodged            |    12 |    29 |     3 ||    44

Table legend:
 A = Non-vault XP
 B = Vault XP
 C = Vault XP percentage of total XP
 D = Non-vault monster count
 E = Vault monster count
 F = Vault count percentage of total count
                 A         B        C        D         E       F
            +---------+---------+-------+---------+---------+-------
      Total |     563 |     272 |  32.6 |      61 |       7 |  10.3
            +---------+---------+-------+---------+---------+-------
        D:1 |      41 |       6 |  12.8 |      22 |       3 |  12.0
        D:2 |     113 |      39 |  25.7 |      19 |       2 |   9.5
        D:3 |      29 |      36 |  55.4 |      12 |       1 |   7.7
        D:4 |     380 |     191 |  33.5 |       8 |       1 |  11.1
            +---------+---------+-------+---------+---------+-------
